 Dungeon Crawl Stone Soup version 0.30-a0-121-gb27577e5d9 (webtiles) character file.

Game seed: 6232904219347845417

222 ragingrage the Sneak (level 6, -6/35 HPs)
             Began as a Kobold Brigand on Sept 14, 2022.
             Mangled by Grinder (8 damage)
             ... on level 3 of the Dungeon.
             The game lasted 00:03:09 (3242 turns).

ragingrage the Sneak (Kobold Brigand)               Turns: 3242, Time: 00:03:10

Health: -6/35      AC:  4    Str:  8    XL:     6   Next: 19%
Magic:  6/6        EV: 14    Int: 12    God:
Gold:   139        SH:  0    Dex: 19    Spells: 5/5 levels left

rFire   . . .      SeeInvis .    a - +2 dagger
rCold   . . .      Faith    .    (no shield)
rNeg    . . .      Spirit   .    b - +0 robe
rPois   +          Reflect  .    (no helmet)
rElec   .          Harm     .    c - +0 cloak
rCorr   .          Rampage  .    (no gloves)
Will    .....                    g - +0 pair of boots
Stlth   +++++.....               (no amulet)
HPRegen 0.11/turn                n - ring of poison resistance
MPRegen 0.10/turn                (no ring)

@: mighty, flying
A: small, no large weapons, nightstalker 3
a: no special abilities


You were on level 3 of the Dungeon.
You visited 1 branch of the dungeon, and saw 3 of its levels.

You collected 139 gold pieces.

Inventory:

Hand Weapons
 a - a +2 dagger (weapon)
 l - the +5 whip "Womecs" {speed, rC+ rN+}
   (You found it on level 2 of the Dungeon)

   Attacks with this weapon are significantly faster.
   rC:        It protects you from cold.
   rN:        It protects you from negative energy.
Missiles
 d - 11 poisoned darts (quivered)
 s - 2 curare-tipped darts
Armour
 b - a +0 robe (worn)
 c - a +0 cloak (worn)
 g - a +0 pair of boots (worn)
Jewellery
 n - a ring of poison resistance (left hand)
Wands
 e - a wand of roots (2)
 u - a wand of polymorph (5)
Scrolls
 i - 2 scrolls of identify {unknown}
 o - a scroll of amnesia
 r - 2 scrolls of enchant armour {unknown}
Potions
 h - a potion of heal wounds
 m - a potion of curing {unknown}
 p - a potion of attraction {unknown}
 q - a potion of brilliance {unknown}
 t - a potion of mutation {unknown}


   Skills:
 - Level 2.1 Fighting
 + Level 5.0 Short Blades
 + Level 4.1 Throwing
 - Level 1.2 Dodging
 + Level 7.1 Stealth


You had 5 spell levels left.
You didn't know any spells.
Your spell library contained the following spells:

 Spells                   Type           Power      Damage    Failure   Level
 Freeze                   Ice            0%         1d3       32%         1
 Frozen Ramparts          Ice            0%         1d1       69%         3
 Hailstorm                Conj/Ice       0%         3d3       97%         4


Dungeon Overview and Level Annotations

Branches:
Dungeon (3/15)

Altars:
The Shining One

Annotations:
D:3 Grinder


Innate Abilities, Weirdness & Mutations

You are small and have problems with some larger weapons.
You are completely attuned to the shadows.


Message History

Grinder is heavily wounded.
You hit Grinder.
Grinder is heavily wounded.
Grinder blinks!
Items here: ( / ††.
d - 11 poisoned darts (gained 2);
e - a wand of roots (2) Grinder hits you.
You writhe in agony.
You hit Grinder but do no damage.
Grinder is heavily wounded.
Grinder hits you!
You writhe in agony.
* * * LOW HITPOINT WARNING * * *
You closely miss Grinder.
Grinder is heavily wounded.
It was a potion of flight.
You feel very buoyant.
You fly up into the air.
Grinder blinks!
Unknown command.
It was a potion of might.
You feel very mighty all of a sudden. Grinder gestures at you.
You suddenly lose the ability to move!
Grinder gestures at you. You resist with significant effort.
Grinder blinks!
Grinder hits you.
* * * LOW HITPOINT WARNING * * *
You writhe in agony.
* * * LOW HITPOINT WARNING * * *
You can move again.
Unknown command.
Unknown command.
Unknown command.
Unknown command.
Unknown command.
Unknown command.
Unknown command.
You puncture Grinder!
Grinder is severely wounded.
Grinder hits you!
You die...

.#.#...# .##
......... #
##.#..#.##
#.#..#.....
#.#..###..#># .#
#.#.......#.# .#
#.#.≈._.≈...# .#
##.#.........# ##.##
.#.#..####...###@..#
.#.#..# ###...5(....
.#.#..# #####...##
>..#..### ...##
.###..... ..... .#
#.#### ...# .# #.#
## #.###. #.....


You could see Grinder.

Vanquished Creatures
  Terence (D:3)
  Natasha (thrice) (D:3)
  Robin (D:3)
  2 adders (D:3)
  3 dart slugs
  6 ball pythons
  6 bats
  5 endoplasms
  8 giant cockroaches
  16 goblins
  6 hobgoblins
  3 jackals
  5 kobolds
  7 quokkas
  3 frilled lizards
  4 rats (D:2)
79 creatures vanquished.

Notes
Turn   | Place    | Note
-------+----------+-------------------------------------------
     0 | D:1      | ragingrage the Kobold Brigand began the quest for the Orb.
     0 | D:1      | Reached XP level 1. HP: 12/12 MP: 1/1
   170 | D:1      | Reached XP level 2. HP: 17/17 MP: 2/2
   275 | D:1      | Found a faded altar of an unknown god.
   488 | D:1      | Reached XP level 3. HP: 21/21 MP: 3/3
  1104 | D:2      | Reached skill level 6 in Stealth
  1334 | D:2      | Reached XP level 4. HP: 26/26 MP: 4/4
  1343 | D:2      | Identified the +5 whip "Womecs" {speed, rC+ rN+}
  1921 | D:3      | Noticed Natasha
  1925 | D:3      | Killed Natasha
  2008 | D:3      | Noticed Robin
  2028 | D:2      | Reached XP level 5. HP: 8/30 MP: 5/5
  2540 | D:3      | Noticed Natasha
  2547 | D:3      | Killed Natasha
  2658 | D:3      | Killed Robin
  3011 | D:3      | Noticed Terence
  3022 | D:3      | Killed Terence
  3023 | D:3      | Reached skill level 7 in Stealth
  3023 | D:3      | Reached XP level 6. HP: 35/35 MP: 6/6
  3136 | D:3      | Found a glowing golden altar of the Shining One.
  3153 | D:3      | Noticed Natasha
  3162 | D:3      | Noticed Grinder
  3166 | D:3      | Killed Natasha
  3167 | D:3      | Reached skill level 5 in Short Blades
  3210 | D:3      | Paralysed by Grinder for 3 turns
  3220 | D:3      | Paralysed by Grinder for 5 turns
  3237 | D:3      | Paralysed by Grinder for 4 turns
  3242 | D:3      | Mangled by Grinder

Illustrated notes

Levels and vault maps discovered:
D:1:      reono_arrival_mine, layout_basic,
          shapermc_ecumenical_altar_notcrosses, hangedman_decor_push,
          minmay_misc_feat_cross
D:2:      layout_basic, minmay_tall_x
D:3:      layout_loops_ring, mainiacjoe_overflow_tiny_flanked, uniq_natasha,
          uniq_robin, uniq_terence, uniq_grinder

Skill      XL: |  1  2  3  4  5  6 |
---------------+-------------------+-----
Short Blades   | 3 4 5 |  5.0
Stealth        | 6 7 |  7.1
Throwing       | 3 4 |  4.1
Fighting       | |  2.1
Dodging        | |  1.2

Action                   |  1- 3 |  4- 6 || total
-------------------------+-------+-------++-------
Melee: Dagger            |    95 |   154 ||   249
Throw: Dart              |       |     9 ||     9
  Use: Scroll            |     1 |     1 ||     2
       Potion            |       |     5 ||     5
 Stab: Sleeping          |    17 |    11 ||    28
       Distracted        |     2 |     1 ||     3
Armor: Robe              |    21 |    19 ||    40
       Skin              |       |    16 ||    16
Dodge: Dodged            |    55 |    65 ||   120

Table legend: (Time is in decaauts)
 A = Elapsed time spent in this place.
 B = Non-inter-level travel time spent in this place.
 C = Inter-level travel time spent in this place.
 D = Time resting spent in this place.
 E = Time spent auto-exploring this place.
 F = Levels seen in this place.
 G = Mean time per level.
                   A        B        C        D        E       F      G
               +--------+--------+--------+--------+--------+-----+--------+
         Total |   3188 |   3067 |    121 |    837 |   1641 |   3 | 1062.7 |
       Dungeon |   3188 |   3067 |    121 |    837 |   1641 |   3 | 1062.7 |
               +--------+--------+--------+--------+--------+-----+--------+

Top non-repeatable levels by time:
     D:2: 1300 daAuts
     D:3: 1014 daAuts
     D:1: 873 daAuts
